 Dungeon Crawl Stone Soup version bcrawl-1.28.1b (webtiles) character file.

Game seed: 6236130982214501929

133715 Morbidden the Ducker (level 5, -5/42 HPs)
             Began as a Djinni Archaeologist on Dec 19, 2020.
             Killed by divine providence
             ... invoked by an orc priest
              (12 damage)
             ... on level 3 of the Dungeon.
             The game lasted 00:06:12 (2688 turns).

Morbidden the Ducker (Djinni Archaeologist)         Turns: 2688, Time: 00:06:12

Health: -5/42      AC:  5    Str: 20    XL:     5   Next: 10%
Magic:  9/9        EV: 12    Int: 23    God:
Gold:   1345       SH:  0    Dex: 11    Spells: 9/9 levels left

rFire    . . .     SeeInvis .   j - +1 dagger (holy)
rCold    . . .     Gourm    +   (no shield)
rNeg     . . .     Faith    .   n - +0 ring mail
rPois    .         Spirit   .   (helmet restricted)
rElec    .         Reflect  .   (no cloak)
rCorr    .         Harm     .   (no gloves)
MR       .....     Rnd*Rage +   (boots unavailable)
Stlth    +.........             b - amulet of the gourmand
HPRegen  0.14/turn              (no ring)
MPRegen  0.11/turn              (no ring)

@: mighty, brilliant, flying
A: never pass out, horns 1, agile 1, berserk 3, blink, blurry vision 2, strong
1, wild magic 2, MP-powered wands, floating
a: Blink


You were on level 3 of the Dungeon.
You were completely stuffed.

You visited 1 branch of the dungeon, and saw 3 of its levels.

You collected 1345 gold pieces.

Inventory:

Hand Weapons
 j - a +1 dagger of holy wrath (weapon)
 q - a +0 vampiric hand axe
Missiles
 r - 46 poisoned tomahawks (quivered)
Armour
 m - a +2 helmet
 n - a +0 ring mail (worn)
Magical Staves
 k - an uncursed staff of wizardry
Jewellery
 b - an amulet of the gourmand (around neck)
 v - a cursed ring of positive energy {unknown}
Scrolls
 c - a scroll of remove curse {unknown}
 e - 2 scrolls of enchant weapon {unknown}
 g - 3 scrolls of magic mapping
 i - 2 scrolls of teleportation {unknown}
 u - a scroll of identify
Potions
 o - a potion of flight {unknown}
 p - a potion of might
 s - a potion of ambrosia {unknown}
Comestibles
 t - a chunk of flesh


   Skills:
 * Level 2.5 Fighting
 + Level 1.3 Short Blades
   Level 1.1 Maces & Flails
 + Level 1.0 Armour
 + Level 3.6 Dodging
 + Level 2.9 Stealth
 * Level 2.7 Spellcasting


You had 9 spell levels left.
You didn't know any spells.
Your spell library was empty.

Dungeon Overview and Level Annotations

Branches:
Dungeon (3/12)

Altars:

Annotations:
D:3 3 runed translucent doors, Quickbrownfox's ghost, weakling DsAc


Innate Abilities, Weirdness & Mutations

You never pass out after going berserk.
You have an uncontrollable temper.
You can translocate small distances at will.
Scrolls take you longer to read.
Your spells are harder to cast, but more powerful.
You expend magic power (3 MP) to strengthen your wands.
Your body floats in the air.
You have a pair of small horns on your head.
You are agile. (Dex +2)
Your muscles are strong. (Str +2)


Message History

The orc hits you.
* * * LOW HITPOINT WARNING * * *
The orc priest invokes the aid of Beogh against you.
Beogh smites you!
* * * LOW HITPOINT WARNING * * *
No path to travel!
You feel much better. The orc barely misses you.
No path to travel!
You puncture the orc!
You kill the orc!
Your ring mail prevents you from hitting the orc priest.
The orc priest hits you with a +0 club.
The orc priest invokes the aid of Beogh against you.
Beogh smites you!
* * * LOW HITPOINT WARNING * * *
You puncture the orc priest!
The orc priest is heavily wounded.
The orc priest invokes the aid of Beogh against you.
Beogh smites you!
You die...

# ## ##. .. #.. ..
# #.## .#
#.##..#..#
#...o.).#
####o#### #@# #.#
##+## #.# ##...##
#.### ##.....##
#.#.## ##.......#
#....####....<....
#.......+.........
#....####.........
##.#.## ##........


You could see 2 orc priests.

Vanquished Creatures
  A crimson imp (D:2)
  A worker ant (D:3)
  2 gnolls (D:2)
  2 oozes
  3 leopard geckos (D:2)
  7 orcs
  4 giant cockroaches
  7 goblins
  7 hobgoblins
  A quokka (D:3)
  5 bats (D:2)
  2 frilled lizards (D:2)
  6 kobolds
  5 rats
53 creatures vanquished.

Notes
Turn   | Place    | Note
-------+----------+-------------------------------------------
     0 | D:1      | Morbidden the Djinni Archaeologist began the quest for the
                  | Orb.
     0 | D:1      | Reached XP level 1. HP: 16/16 MP: 1/1
   498 | D:1      | Reached XP level 2. HP: 23/23 MP: 2/2
   725 | D:1      | Reached skill level 1 in Spellcasting
   959 | D:2      | Reached XP level 3. HP: 26/29 MP: 5/5
  1611 | D:2      | Gained mutation: Your spells are harder to cast, but more
                  | powerful. [Djinni growth]
  1611 | D:2      | Gained mutation: You can translocate small distances at
                  | will. [Djinni growth]
  1611 | D:2      | Reached XP level 4. HP: 16/36 MP: 5/7
  1647 | D:2      | Reached skill level 1 in Short Blades
  2517 | D:3      | Noticed Quickbrownfox's ghost (weakling DsAc)
  2532 | D:3      | Found a runed translucent gate.
  2532 | D:3      | Found a runed translucent gate.
  2532 | D:3      | Found a runed translucent gate.
  2561 | D:3      | Reached skill level 1 in Armour
  2561 | D:3      | Reached XP level 5. HP: 42/42 MP: 7/9
  2561 | D:3      | Identified a scroll of acquirement
  2639 | D:3      | Identified the +5 lajatang "Grim" {slice, Int+3} (You
                  | acquired it on level 3 of the Dungeon)
  2639 | D:3      | Identified the +1 hat of Eternal Vigilance {MR+} (You
                  | acquired it on level 3 of the Dungeon)
  2639 | D:3      | Identified the ring "Foziuf" {Ice Int+2} (You acquired it
                  | on level 3 of the Dungeon)
  2639 | D:3      | Identified Morbidden's Almanac of the Oath (You acquired it
                  | on level 3 of the Dungeon)
  2681 | D:3      | Gained mutation: Your muscles are strong. (Str +2) [potion
                  | of mutation]
  2681 | D:3      | Gained mutation: You have an uncontrollable temper. [potion
                  | of mutation]
  2681 | D:3      | Gained mutation: You are agile. (Dex +2) [potion of
                  | mutation]
  2681 | D:3      | Gained mutation: You have a pair of small horns on your
                  | head. [potion of mutation]
  2684 | D:3      | HP: 1/42 [orc priest/divine providence (10)]
  2688 | D:3      | Killed from afar by an orc priest

Skill      XL: |  1  2  3  4 |
---------------+-------------+-----
Spellcasting   | 1 2 |  2.7
Fighting       | 2 |  2.5
Short Blades   | 1 |  1.3
Armour         | 1 |  1.0
Maces & Flails | |  1.1
Dodging        | |  3.6
Stealth        | |  2.9

Action                   |  1- 3 |  4- 6 || total
-------------------------+-------+-------++-------
Melee: Whip              |    74 |       ||    74
       Dagger            |   120 |   119 ||   239
  Use: Scroll            |     1 |     1 ||     2
       Potion            |       |     6 ||     6
 Stab: Sleeping          |     3 |     1 ||     4
  Eat: Chunk             |     6 |    12 ||    18
       Ration            |       |     1 ||     1
Armor: Robe              |    21 |       ||    21
       Ring mail         |    52 |    34 ||    86
Dodge: Dodged            |   123 |    65 ||   188
